 Dungeon Crawl Stone Soup version 0.19-a0-1912-g48530cd (webtiles) character file.

1017 Firecrotchwizard the Skirmisher (level 8, -1/73 HPs)
             Began as a Minotaur Fighter on Dec 16, 2016.
             Was an Initiate of Okawaru.
             Slain by a centaur skeleton (3 damage)
             ... on level 5 of the Dungeon.
             The game lasted 00:08:17 (4070 turns).

Firecrotchwizard the Skirmisher (Minotaur Fighter)  Turns: 4070, Time: 00:08:18

Health: -1/73      AC:  5    Str: 22    XL:     8   Next: 1%
Magic:  7/7        EV:  4    Int:  5    God:    Okawaru [......]
Gold:   191        SH: 10    Dex: 11    Spells: 7/7 levels left

rFire  . . .     SeeInvis .     a - +1 flail
rCold  . . .     Faith    .     k - +0 plate armour
rNeg   . . .     Spirit   .     c - +0 shield
rPois  .         Reflect  .     (helmet restricted)
rElec  .                        t - +0 cloak
rCorr  .                        (no gloves)
MR     .....                    (no boots)
Stlth  ..........               (no amulet)
                                (no ring)
                                r - ring of flight

@: corroded, very slightly contaminated, hasted, very quick
A: retaliatory headbutt, horns 2
a: Renounce Religion, Evoke Flight


You were on level 5 of the Dungeon.
You worshipped Okawaru.
Okawaru was noncommittal.
You were not hungry.

You visited 1 branch of the dungeon, and saw 5 of its levels.

You collected 191 gold pieces.

Inventory:

Hand Weapons
 a - a +1 flail (weapon)
Missiles
 f - 65 silver tomahawks (quivered)
Armour
 b - a +0 scale mail
 c - a +0 shield (worn)
 k - a +0 plate armour (worn)
 t - a +0 cloak (worn)
Jewellery
 r - a ring of flight (left hand)
Wands
 o - a wand of polymorph (2/24)
 s - a wand of slowing (47/48)
 x - a wand of acid (8/15)
 y - a wand of flame (25/48)
Scrolls
 e - 4 scrolls of identify
 p - 2 scrolls of enchant weapon
Potions
 d - 2 potions of might
 g - 3 potions of mutation
 h - 3 potions of curing {unknown}
 i - 2 potions of magic {unknown}
 l - 3 potions of lignification {unknown}
 m - 3 potions of brilliance {unknown}
 n - 3 potions of agility {unknown}
 q - a potion of haste
 u - a potion of beneficial mutation {unknown}
 z - a potion of invisibility {unknown}
 A - a potion of flight {unknown}
Books
 v - a book of Alchemy

   Spells                             Type                      Level
   a - Sublimation of Blood           Necromancy                   2
   b - Ignite Poison                  Fire/Transmutation/Poison    3
   c - Petrify                        Transmutation/Earth          4
   d - Alistair's Intoxication        Transmutation/Poison         5
   e - Irradiate                      Conjuration/Transmutation    5


   Skills:
 * Level 7.3 Fighting
 * Level 6.8 Maces & Flails
 + Level 5.9 Armour
 + Level 5.7 Shields


You had 7 spell levels left.
You didn't know any spells.

Dungeon Overview and Level Annotations

Branches:
Dungeon (5/15)
 Temple: D:3-6         Lair: D:-1         Crypt: Vaults:-1     Tomb: Vaults:-1

Altars:
Cheibriados
Okawaru
Trog
Vehumet
Yredelemnul


Innate Abilities, Weirdness & Mutations

You reflexively headbutt those who attack you in melee.
You have a pair of horns on your head.


Message History

* * * LOW HITPOINT WARNING * * *
You block the centaur skeleton's attack.
You block the frilled lizard's attack. The orc hits you but does no damage.
The orc completely misses you.
You thump the orc (8)!
You kill the orc!
Okawaru accepts your kill.
You block the centaur skeleton's attack.
The frilled lizard bites you but does no damage.
The orc hits you but does no damage.
You feel yourself speed up. The centaur skeleton barely misses you.
The frilled lizard bites you but does no damage.
The centaur skeleton hits you but does no damage.
You block the orc's attack.
You are very lightly contaminated with residual magic.
You hit the orc (3).
The orc is heavily wounded.
The frilled lizard bites you but does no damage.
The centaur skeleton hits you (3).
You die...

,,,**,,>,,,,,,,,,,,*
**,*****,..........#
,,,,,,,,,.......:..#
,,,,,,,,,..........####
,,,,,,,,,.............#
,,,,,,,,,............(#
,,,,,,,,,.............#####
,,,,,,,,,......)oZ..?.....#
,,,,,,,,,.......@l........#
,,,,,,,,,......)##........#
,,,,,,,,,..####...........#
**,,,,,,,*,**#........†...#
***,,,,,,*,,...##.....†..<#
,,,,,,,,,,,*###*#.........#
,,,,,,,,,,,,* #.........#
,,,,,,*,,*,,** #......####
,,,,,,,,,,,,,** #......#


You could see an orc, a frilled lizard and a centaur skeleton.

Vanquished Creatures
  Grinder (D:3)
  Blork the orc (D:4)
  A water moccasin skeleton (D:4)
  A jelly (D:5)
  6 orc priests
  A hound (D:4)
  2 orc wizards (D:4)
  Crazy Yiuf (D:3)
  Ijyb (D:3)
  Natasha (thrice) (D:2)
  3 worker ants
  Robin (D:2)
  4 adders
  A dart slug (D:1)
  4 leopard geckos
  23 orcs
  A ball python (D:4)
  3 giant cockroaches
  15 goblins
  14 hobgoblins
  9 jackals
  10 kobolds
  A quokka (D:2)
  8 bats
  2 frilled lizards
  7 rats
124 creatures vanquished.

Vanquished Creatures (others)
  An orc wizard (D:5)
  7 toadstools (D:1)
8 creatures vanquished.

Grand Total: 132 creatures vanquished

Notes
Turn   | Place    | Note
-------+----------+-------------------------------------------
     0 | D:1      | Firecrotchwizard the Minotaur Fighter began the quest for the Orb.
     0 | D:1      | Reached XP level 1. HP: 19/19 MP: 0/0
   175 | D:1      | Reached XP level 2. HP: 17/27 MP: 1/1
   314 | D:1      | Reached skill level 4 in Fighting
   612 | D:1      | Reached XP level 3. HP: 32/33 MP: 2/2
   846 | D:2      | Noticed Robin
   858 | D:2      | Killed Robin
  1080 | D:2      | Noticed Natasha
  1090 | D:2      | Killed Natasha
  1090 | D:2      | Reached XP level 4. HP: 30/41 MP: 3/3
  1104 | D:2      | Noticed Natasha
  1113 | D:2      | Killed Natasha
  1337 | D:2      | Noticed Natasha
  1345 | D:2      | Killed Natasha
  1345 | D:2      | Reached skill level 5 in Fighting
  1345 | D:2      | Reached XP level 5. HP: 48/48 MP: 4/4
  2331 | D:3      | Found a runed door.
  2702 | D:3      | Reached XP level 6. HP: 56/56 MP: 5/5
  2736 | D:3      | Noticed Ijyb
  2759 | D:3      | Killed Ijyb
  2759 | D:3      | Reached skill level 5 in Maces & Flails
  2794 | D:3      | Noticed Grinder
  2797 | D:3      | Paralysed by Grinder for 6 turns
  2805 | D:3      | Paralysed by Grinder for 2 turns
  2813 | D:3      | Paralysed by Grinder for 4 turns
  2825 | D:3      | Killed Grinder
  2825 | D:3      | Reached skill level 6 in Fighting
  2825 | D:3      | Reached skill level 5 in Armour
  2825 | D:3      | Reached skill level 5 in Shields
  2971 | D:3      | Found a snail-covered altar of Cheibriados.
  3135 | D:3      | Noticed Crazy Yiuf
  3139 | D:3      | Killed Crazy Yiuf
  3139 | D:3      | Reached XP level 7. HP: 63/63 MP: 6/6
  3211 | D:4      | Found a radiant altar of Vehumet.
  3211 | D:4      | Found a snail-covered altar of Cheibriados.
  3457 | D:4      | Found an iron altar of Okawaru.
  3458 | D:4      | Found a bloodstained altar of Trog.
  3459 | D:4      | Found a basalt altar of Yredelemnul.
  3462 | D:4      | Became a worshipper of Warmaster Okawaru
  3590 | D:4      | Noticed Blork the orc
  3601 | D:4      | Killed Blork the orc
  4024 | D:5      | Entered Level 5 of the Dungeon
  4038 | D:5      | Reached skill level 7 in Fighting
  4066 | D:5      | Reached XP level 8. HP: 5/73 MP: 7/7
  4066 | D:5      | HP: 3/73 [frilled lizard (1)]
  4070 | D:5      | Slain by a centaur skeleton

Vault maps used:
D:1:      nagdon_arrival_zigzag_paths, minmay_split_cup_small
D:2:      uniq_robin, uniq_natasha
D:3:      cheibriados_altar_wand_db, uniq_grinder, uniq_crazy_yiuf_cottage,
          uniq_iyjb
D:4:      grunt_temple_overflow_open, uniq_blork_the_orc
D:5:      serial_shops, shop, first_bread, dk_noncrumbling_3,
          kennysheep_generic_room_9

Skill      XL: |  1  2  3  4  5  6  7 |
---------------+----------------------+-----
Fighting       | 4 5 6 7 |  7.3
Maces & Flails | 3 4 5 6 |  6.8
Shields        | 4 5 |  5.7
Armour         | 4 5 |  5.9

Action                   |  1- 3 |  4- 6 |  7- 9 || total
-------------------------+-------+-------+-------++-------
Melee: Flail             |   123 |   172 |   101 ||   396
       Headbutt          |    19 |    24 |    22 ||    65
       Unarmed           |       |    19 |       ||    19
Throw: Tomahawk          |       |     4 |       ||     4
  Use: Scroll            |       |     6 |     2 ||     8
       Potion            |       |       |     1 ||     1
 Stab: Distracted        |     1 |       |       ||     1
Armor: Scale mail        |    41 |       |       ||    41
       Plate armour      |    67 |   118 |    81 ||   266
Dodge: Dodged            |    38 |    24 |    32 ||    94
Block: Shield            |    88 |   105 |    67 ||   260
